 Dungeon Sprint DCSS version 0.27.1-34-g3ba077fa99 (webtiles) character file.

Game seed: 4196611909951373535

24 Karpo the Covert (level 2, 12/13 HPs)
             Began as a Spriggan Enchanter on Feb 15, 2022.
             Quit the game in the Dungeon (Sprint I: "Red Sonja").
             The game lasted 00:01:10 (47 turns).

Karpo the Covert (Spriggan Enchanter)                 Turns: 47, Time: 00:01:11

Health: 12/13      AC:  2    Str:  4    XL:     2   Next: 79%
Magic:  6/6        EV: 17    Int: 16    God:
Gold:   0          SH:  0    Dex: 15    Spells: 5/6 levels left

rFire    . . .     SeeInvis +   a - +1 dagger
rCold    . . .     Faith    .   (shield restricted)
rNeg     . . .     Spirit   .   b - +0 robe
rPois    .         Reflect  .   (helmet restricted)
rElec    .         Harm     .   (no cloak)
rCorr    .         Rampage  .   (gloves unavailable)
Will     .....     NoTele   +   (boots unavailable)
Stlth    ++++......             (no amulet)
HPRegen  0.04/turn              (no ring)
MPRegen  0.10/turn              (no ring)

@: very quick
A: very small, no large weapons, unfitting armour, see invisible, speed 3
a: no special abilities


You were in the Dungeon.
You visited 1 branch

Inventory:

Hand Weapons
 a - a +1 dagger (weapon)
Armour
 b - a +0 robe (worn)
Scrolls
 h - a scroll of blinking
Potions
 c - a potion of curing
 d - a potion of heal wounds
 e - a potion of haste
 f - 2 potions of magic


   Skills:
 - Level 1.1 Short Blades
 - Level 2.6 Dodging
 + Level 9.9 Stealth
 - Level 2.6 Spellcasting
 - Level 3.6 Hexes


You had 5 spell levels left.
You knew the following spells:

 Your Spells              Type           Power      Damage    Failure   Level
a - Corona                Hex            14%        N/A       4%          1

Your spell library contained the following spells:

 Spells                   Type           Power      Damage    Failure   Level
 Confusing Touch          Hex            13%        N/A       13%         3
 Tukima's Dance           Hex            13%        N/A       13%         3
 Ensorcelled Hibernation  Hex/Ice        14%        N/A       14%         2
 Dazzling Flash           Conj/Hex       14%        N/A       28%         3


Dungeon Overview and Level Annotations

Branches:
Dungeon (1/1)

Altars:


Innate Abilities, Weirdness & Mutations

You are very small and have problems with some larger weapons.
You are too small for most types of armour.
You have supernaturally acute eyesight. (SInv)
You cover ground extremely quickly. (Speed+++)


Message History

A red film seems to cover your vision as you go berserk!
You feel yourself moving faster!
You feel mighty!
You hit Ijyb.
Ijyb is lightly wounded.
Ijyb misses you.
You hit Ijyb but do no damage.
Ijyb is lightly wounded.
You hit Ijyb but do no damage.
Ijyb is lightly wounded.
Ijyb zaps a wand.
You resist with significant effort.
You closely miss Ijyb.
Ijyb is lightly wounded.
Ijyb zaps a wand.
You turn into a sentient fungus.
Your +1 dagger melds into your body.
Your +0 robe melds into your body.
You release spores at Ijyb!
Ijyb is heavily wounded.
You release spores at Ijyb.
Ijyb is heavily wounded.
Ijyb hits you with a +0 dagger.
You release spores at Ijyb!
Ijyb is almost dead.
You release spores at Ijyb!
You kill Ijyb!
Your Stealth skill gained 5 levels and is now at level 9!
You have reached level 2!
You feel a strong urge to attack something.
You are no longer berserk.
You are exhausted.
You feel yourself slow down.
You start resting.
Your transformation is almost over.
You start resting.
You stop sporulating.
Your +1 dagger unmelds from your body.
Your +0 robe unmelds from your body.
You start resting.
You feel yourself speed up.
You start resting.
You recover from your berserk rage.
Unknown command.
Are you sure you want to abandon this character and quit the game? (Confirm with "yes".)

#######
#<.#..+
#..').#
#..####
#..#
#..#
#.@#
#⌠⌠#
####


There were no monsters in sight!

Vanquished Creatures
  Ijyb (D)
1 creature vanquished.

Notes
Turn   | Place    | Note
-------+----------+-------------------------------------------
     0 | D        | Karpo the Spriggan Enchanter began the quest for the Orb.
     0 | D        | Reached XP level 1. HP: 9/9 MP: 5/5
     1 | D        | Noticed Ijyb
    11 | D        | Killed Ijyb
    12 | D        | Reached skill level 9 in Stealth
    12 | D        | Reached XP level 2. HP: 13/13 MP: 6/6
    47 | D        | Quit the game

Illustrated notes

Levels and vault maps discovered:
D:        dungeon_sprint_1 [red_sonja_temple_1, red_sonja_temple_small_1]

Skill      XL: |  1 |
---------------+----+-----
Stealth        | 9 |  9.9
Short Blades   | |  1.1
Dodging        | |  2.6
Spellcasting   | |  2.6
Hexes          | |  3.6

Action                   || total
-------------------------++-------
Melee: Dagger            ||     4
       Unarmed           ||     4
  Use: Potion            ||     1
Dodge: Dodged            ||     1
